 Dungeon Crawl Stone Soup version 0.31.0-11-ge490571c62 (webtiles) character file.

Game seed: 7512269416429466809

34 Gadfly the Insei (level 3, 29/29 HPs)
             Began as a Demonspawn Monk on Feb 3, 2024.
             Quit the game on level 2 of the Dungeon.
             The game lasted 00:00:44 (999 turns).

Gadfly the Insei (Demonspawn Monk)                   Turns: 999, Time: 00:00:45

Health: 29/29      AC:  2    Str: 13    XL:     3   Next: 14%
Magic:  3/3        EV: 13    Int: 10    God:
Gold:   36         SH:  0    Dex: 15    Spells: 2/2 levels left

rFire   . .          .
                       - Unarmed
rCold   . . .        c - orb {light}
rNeg    . . .        a - +0 robe
rPois   .            (helmet restricted)
rElec   .            (no cloak)
rCorr   .            (no gloves)
SInv    .            (no boots)
Will    .....        (no amulet)
Stlth   +            (no ring)
HPRegen 0.24/turn    (no ring)
MPRegen 0.16/turn

%: no passive effects
@: glowing
A: horns 1, magic regeneration
a: no special abilities


You were on level 2 of the Dungeon.
You visited 1 branch of the dungeon, and saw 2 of its levels.

You collected 36 gold pieces.

Inventory:

Hand Weapons
 h - a +2 dagger of pain
Armour
 a - a +0 robe (worn)
 c - an orb of light (worn)
Scrolls
 d - a scroll of identify {unknown}
 e - a scroll of fear {unknown}
 i - a scroll of revelation {unknown}
 l - a scroll of vulnerability {unknown}
Potions
 b - a potion of ambrosia
 f - a potion of might {unknown}
 g - 4 potions of curing {unknown}
 j - a potion of enlightenment {unknown}
 k - a potion of heal wounds {unknown}


   Skills:
 - Level 3.0 Fighting
 + Level 2.9 Dodging
 * Level 3.1 Unarmed Combat
 * Level 1.3 Evocations
 * Level 0.9 Shapeshifting


You had 2 spell levels left.
You didn't know any spells.
Your spell library was empty.

Dungeon Overview and Level Annotations

Branches:
Dungeon (1/15)

Altars:


Innate Abilities, Weirdness & Mutations

You have a pair of small horns on your head.
You regenerate magic rapidly.


Message History

The shaft crumbles and collapses.
Found 4 stones.
You see here 4 stones.
You see here 4 stones.
Found a stone staircase leading down.
Found a whip.
Found a stone staircase leading down.
There is a stone staircase leading down here.
k - a fizzy grey potion No target in view!
No target in view!
There is a stone staircase leading down here.
An adder comes into view.
The adder hisses angrily.
An adder is nearby!
An adder is nearby!
An adder is nearby!
The adder closely misses you.
You see here 4 gold pieces.
You hit the adder. You headbutt the adder.
The adder is severely wounded.
The adder barely misses you.
You hit the adder but do no damage. You headbutt the adder.
The adder is severely wounded.
The adder closely misses you. The adder bites you but does no damage.
You hit the adder.
You kill the adder!
You have reached level 3!
Your experience leads to an increase in your attributes!
Increase (S)trength, (I)ntelligence, or (D)exterity?
You feel stronger. x2; Your demonic ancestry asserts itself...
Your magic begins to regenerate rapidly.
You now have 25 gold pieces (gained 4).
You see here an adder corpse.
l - a scroll labelled WOOCIU VIAMOWUCE You now have 36 gold pieces (gained 11).
A frilled lizard comes into view.
The frilled lizard hisses angrily.
A frilled lizard is nearby!
A frilled lizard is nearby!
Are you sure you want to abandon this character and quit the game? (Confirm with "yes".)

#.# ##.#.#
#.# ###.#
#.# #.# ..#
#.# # #.# #
#.# ### #.#
#...######.#
#..@.....#
#...########
##. .l ##


You could see a frilled lizard.

Vanquished Creatures
  An adder (D:2)
  A dart slug (D:1)
  A ball python (D:1)
  4 bats (D:1)
  3 endoplasms (D:1)
  4 goblins (D:1)
  A hobgoblin (D:1)
  A kobold (D:1)
  A quokka (D:1)
  2 frilled lizards (D:1)
  2 rats (D:1)
21 creatures vanquished.

Notes
Turn   | Place    | Note
-------+----------+-------------------------------------------
     0 | D:1      | Gadfly the Demonspawn Monk began the quest for the Orb.
     0 | D:1      | Reached XP level 1. HP: 18/18 MP: 1/1
   291 | D:1      | Gained mutation: You have a pair of small horns on your
                  | head. [demonic ancestry]
   291 | D:1      | Reached XP level 2. HP: 23/24 MP: 2/2
   499 | D:1      | Reached skill level 1 in Evocations
   912 | D:1      | You fall into a shaft and drop 1 floor!
   957 | D:2      | Gained mutation: You regenerate magic rapidly. [demonic
                  | ancestry]
   957 | D:2      | Reached XP level 3. HP: 29/29 MP: 3/3
   999 | D:2      | Quit the game

Illustrated notes

Levels and vault maps discovered:
D:1:      evilmike_arrival_home_sweet_home, layout_basic,
          minmay_misc_feat_rugged
D:2:      layout_loops_corners, dreamdust_ecumenical_altar_hidden_monk_grotto,
          nicolae_figureground_pulse, uniq_sigmund

Skill      XL: |  1  2 |
---------------+-------+-----
Evocations     | 1 |  1.3
Unarmed Combat | 3 |  3.1
Fighting       | |  3.0
Dodging        | |  2.9
Shapeshifting  | |  0.9

Action                     || total
---------------------------++-------
  Melee: Unarmed           ||    56
         Headbutt          ||     4
 Armour: Robe              ||    23
  Dodge: Dodged            ||    39
